 Dungeon Crawl Stone Soup version 0.30-a0-629-gd54f4be4f7 (webtiles) character file.

Game seed: 1997917835625188793

14 kae the Insei (level 2, -1/21 HPs)
             Began as a Demonspawn Transmuter on Jan 12, 2023.
             Slain by a goblin
             ... wielding a +2 dagger of holy wrath
              (4 damage)
             ... on level 1 of the Dungeon.
             The game lasted 00:01:20 (582 turns).

kae the Insei (Demonspawn Transmuter)                Turns: 582, Time: 00:01:21

Health: -1/21      AC:  2    Str: 10    XL:     2   Next: 31%
Magic:  5/5        EV: 12    Int: 14    God:
Gold:   39         SH:  0    Dex: 13    Spells: 4/5 levels left

rFire   . . .      SeeInvis .      - Unarmed
rCold   . . .      Faith    .    (no shield)
rNeg    . . .      Spirit   .    a - +0 robe
rPois   .          Reflect  .    (no helmet)
rElec   .          Harm     .    (no cloak)
rCorr   .          Rampage  .    (no gloves)
Will    .....                    (no boots)
Stlth   +                        (no amulet)
HPRegen 0.23/turn                (no ring)
MPRegen 0.09/turn                (no ring)

@: no status effects
A: ignite blood 1
a: no special abilities


You were on level 1 of the Dungeon.
You visited 1 branch of the dungeon, and saw 1 of its levels.

You collected 39 gold pieces.


Innate Abilities, Weirdness & Mutations

Your demonic aura sometimes causes spilled blood to erupt in flames.


   Skills:
 - Level 1.0 Fighting
 - Level 1.7 Dodging
 + Level 2.9 Unarmed Combat
 + Level 2.2 Spellcasting
 * Level 2.3 Transmutations


You had 4 spell levels left.
You knew the following spells:

 Your Spells              Type           Power      Damage    Failure   Level
a - Beastly Appendage     Tmut           16%        N/A       9%          1

Your spell library contained the following spells:

 Spells                   Type           Power      Damage    Failure   Level
 Wereblood                Tmut           8%         N/A       14%         2
 Spider Form              Tmut/Pois      4%         N/A       41%         3
 Ice Form                 Ice/Tmut       4%         N/A       82%         4

Inventory:

Missiles
 f - 4 poisoned darts
Armour
 a - a +0 robe (worn)
Scrolls
 e - 2 scrolls of blinking {unknown}
 g - a scroll of teleportation {unknown}
Potions
 b - a potion of lignification {!q}
 c - a potion of heal wounds {unknown}
 d - 2 potions of ambrosia {unknown}

Dungeon Overview and Level Annotations

Branches:
Dungeon (1/15) Zot: 5418

Altars:

#.#.####........# ###.#
#.#.# #........# #####.#
#.#.# #........# ..##.#
#.#.# #........# # #.##..
#.#.# #.########.# #.###.
#.#.#
#.##.......#####.###. #.#
#......!..##.........
########.......###.###....
.~~8~~..@g....#.. #....
..~~~.........#. #....
..............# #....
..............# #....
#####.........# #....
#.######### #.... #. ####+
#.


You could see a goblin.


Message History

A rat is nearby!
A rat is nearby!
Casting: Beastly Appendage (safe; 10% risk of failure)
Confirm with . or Enter, or press ? or * to list all spells.
You grow a pair of large bovine horns.
Your feet morph into talons. 😎 MP[-1]
You lost 1 mp, and now have 4/5 mp.
The rat barely misses you.
You hit the rat.
You kill the rat!
No target in view!
No target in view!
No target in view!
Unknown command.
You now have 31 gold pieces (gained 8).
Your transformation is almost over.
You now have 39 gold pieces (gained 8).
Your horns disappear.
Your talons disappear.
A quokka comes into view.
A quokka is nearby!
Unknown command. 😎 MP[+1]
Your mp is fully restored (5).
A quokka is nearby!
A quokka is nearby!
Casting: Beastly Appendage (safe; 10% risk of failure)
Confirm with . or Enter, or press ? or * to list all spells.
You grow a pair of large bovine horns.
Your feet morph into talons. 😎 MP[-1]
You lost 1 mp, and now have 4/5 mp.
The quokka barely misses you.
You hit the quokka.
You kill the quokka!
No target in view!
No target in view!
No target in view!
You see here a quokka corpse.
Your transformation is almost over.
You see here a +0 spear.
e - 2 scrolls labelled MOODDOA NEACIU (gained 1) As you open the door, it creaks loudly! 😎 MP[+1]
Your mp is fully restored (5).
Your horns disappear.
Your talons disappear.
An endoplasm comes into view.
An endoplasm is nearby!
An endoplasm is nearby!
An endoplasm is nearby!
Casting: Beastly Appendage (safe; 10% risk of failure)
Confirm with . or Enter, or press ? or * to list all spells.
You grow a pair of large bovine horns.
Your feet morph into talons. 😎 MP[-1]
You lost 1 mp, and now have 4/5 mp.
You barely miss the endoplasm. The endoplasm barely misses you.
You hit the endoplasm.
Your transformation is almost over.
The endoplasm hits you. 😕 HP[-3]
You take 3 damage, and now have 18/21 hp.
An endoplasm is nearby!
You hit the endoplasm.
You headbutt the endoplasm, but do no damage.
The endoplasm hits you.
You hit the endoplasm.
You kill the endoplasm! 😕 HP[-2]
You take 2 damage, and now have 16/21 hp.
Your horns disappear.
Your talons disappear.
There is an open door here.
There is an open door here.
An endoplasm comes into view.
A goblin comes into view.
It is wielding a +2 dagger of holy wrath.
The endoplasm quivers.
You hit the endoplasm.
The goblin shouts!
The endoplasm freezes you.
You are frozen. 😕 MP[+1]
Your mp is fully restored (5).
There are monsters nearby!
You hit the endoplasm.
You kill the endoplasm! 😕 HP[+1]
A goblin is nearby!
Unknown command.
A goblin is nearby!
You closely miss the goblin.
The goblin hits you with a +2 dagger of holy wrath.
You convulse.
* * * LOW HITPOINT WARNING * * *
😨 HP[-11]
You take 11 damage, and now have 6/21 hp.
MASSIVE DAMAGE!! (PAUSE)
You closely miss the goblin. The goblin closely misses you. 😨 HP[+1]
You barely miss the goblin.
The goblin hits you with a +2 dagger of holy wrath.
* * * LOW HITPOINT WARNING * * *
You convulse.
You die...

Skill      XL: |  1 |
---------------+----+-----
Transmutations | 2 |  2.3
Fighting       | |  1.0
Dodging        | |  1.7
Unarmed Combat | |  2.9
Spellcasting   | |  2.2

Action                   || total
-------------------------++-------
Melee: Unarmed           ||    25
       Headbutt          ||     4
       Kick              ||     3
 Cast: Beastly Appendage ||     9
 Stab: Sleeping          ||     1
Armor: Robe              ||     2
Dodge: Dodged            ||    12

Levels and vault maps discovered:
D:1:      roderic_octagonal_star, layout_basic, moated_statue,
          chequers_decorated_corner

Notes
Turn   | Place    | Note
-------+----------+-------------------------------------------
     0 | D:1      | kae the Demonspawn Transmuter began the quest for the Orb.
     0 | D:1      | Reached XP level 1. HP: 15/15 MP: 3/3
     0 | D:1      | magus.rc [v1.11.3]
   186 | D:1      | Reached skill level 2 in Transmutations
   375 | D:1      | Gained mutation: Your demonic aura sometimes causes spilled
                  | blood to erupt in flames. [demonic ancestry]
   375 | D:1      | Reached XP level 2. HP: 21/21 MP: 3/5
   582 | D:1      | HP: 3/21 [goblin/+2 dagger of holy wrath (4)]
   582 | D:1      | Slain by a goblin

Vanquished Creatures
  A dart slug (D:1)
  3 endoplasms (D:1)
  A goblin (D:1)
  A hobgoblin (D:1)
  A quokka (D:1)
  A bat (D:1)
  A frilled lizard (D:1)
  A kobold (D:1)
  2 rats (D:1)
12 creatures vanquished.

Table legend:
 A = Non-vault XP
 B = Vault XP
 C = Vault XP percentage of total XP
 D = Non-vault monster count
 E = Vault monster count
 F = Vault count percentage of total count
                 A         B        C        D         E       F
            +---------+---------+-------+---------+---------+-------
      Total |      21 |       0 |   0.0 |      12 |       0 |   0.0
            +---------+---------+-------+---------+---------+-------
        D:1 |      21 |       0 |   0.0 |      12 |       0 |   0.0
            +---------+---------+-------+---------+---------+-------

Illustrated notes

Table legend:
 A = Kills in this place as a percentage of kills in entire the game.
 B = Kills by you in this place as a percentage of kills by you in the entire game.
 C = Kills by friends in this place as a percentage of kills by friends in the entire game.
 D = Other kills in this place as a percentage of other kills in the entire game.
 E = Experience gained in this place as a percentage of experience gained in the entire game.
 F = Experience gained in this place divided by the number of levels of this place that you have seen.
                   A       B       C       D       E      F
               +-------+-------+-------+-------+-------+----------------------
         Total | 100.0 | 100.0 |   N/A |   N/A | 100.0 |  21.0
       Dungeon | 100.0 | 100.0 |   N/A |   N/A | 100.0 |  21.0
               +-------+-------+-------+-------+-------+----------------------

Table legend: (Time is in decaauts)
 A = Elapsed time spent in this place.
 B = Non-inter-level travel time spent in this place.
 C = Inter-level travel time spent in this place.
 D = Time resting spent in this place.
 E = Time spent auto-exploring this place.
 F = Levels seen in this place.
 G = Mean time per level.
                   A        B        C        D        E       F      G
               +--------+--------+--------+--------+--------+-----+--------+
         Total |    580 |    580 |      0 |      0 |    495 |   1 |  580.0 |
       Dungeon |    580 |    580 |      0 |      0 |    495 |   1 |  580.0 |
               +--------+--------+--------+--------+--------+-----+--------+

Top non-repeatable levels by time:
     D:1: 580 daAuts
